 Dungeon Crawl Stone Soup version 0.32-a0-120-gfac0567ad4 (webtiles) character file.

Game seed: 13009172494323083374

123 PriceMaster the Firebug (level 5, -4/31 HPs)
             Began as an Octopode Fire Elementalist on Feb 7, 2024.
             Was an Initiate of Ashenzari.
             Killed from afar by an orc wizard (5 damage)
             ... with a magic dart
             ... on level 3 of the Dungeon.
             The game lasted 00:05:52 (1853 turns).

PriceMaster the Firebug (OpFE)                      Turns: 1853, Time: 00:05:52

Health: -4/31      AC:  1    Str: 13    XL:     5   Next: 7%
Magic:  0/9        EV: 13    Int: 17    God:    Ashenzari [......]
Gold:   78         SH:  0    Dex: 15    Spells: 4/10 levels left

rFire   . . .        i - staff "Per Aspera Ad Scientiam" (curse) {Conj, Bglg, Fort} (curse)
rCold   + . .        (no shield)
rNeg    + . .        (helmet restricted)
rPois   +            (no amulet)
rElec   .            d - ring of ice
rCorr   .            h - ring of positive energy
SInv    +            e - +6 ring of strength
Will    .....        a - ring of Axompach {Fly rPois rF+ SInv}
Stlth   +++          (no ring)
HPRegen 0.25/turn    (no ring)
MPRegen 0.11/turn    (no ring)
                     (no ring)

%: no passive effects
@: weak-willed, flying, hasted, very quick
A: almost no armour, amphibious, 8 rings, camouflage 1, gelatinous body 1,
(nimble swimmer 1), tentacles
a: Renounce Religion, Shatter the Chains


You were on level 3 of the Dungeon.
You worshipped Ashenzari.
Ashenzari was noncommittal.
You visited 1 branch of the dungeon, and saw 3 of its levels.

You collected 78 gold pieces.

Inventory:

Hand Weapons
 b - a +0 hand axe
Magical Staves
 i - the cursed staff "Per Aspera Ad Scientiam" (weapon) {Conj, Bglg, Fort}
   (You found it on level 2 of the Dungeon)

   [staff of conjuration]

   Base accuracy: +5 Base damage: 5 Base attack delay: 1.2 This weapon's minimum
   attack delay (0.6) is reached at skill level 12.
   Conj:      It increases the power of your Conjurations spells.
   It falls into the 'Staves' category.
   It is a one-tentacled weapon.
   It has a curse which improves the following skills: Beguiling: Hexes and
   Translocations.
   Fortitude: Shields.
Jewellery
 a - the ring of Axompach (on tentacle) {Fly rPois rF+ SInv}
   (You acquired it on level 3 of the Dungeon)

   [ring of flight]

   rF+:       It protects you from fire.
   rPois:     It protects you from poison SInv: It lets you see invisible.
   Fly:       It grants you flight.
 d - a ring of ice (left tentacle)
 e - a +6 ring of strength (on tentacle)
 h - a ring of positive energy (right tentacle)
Scrolls
 c - a scroll of revelation
 g - a scroll of enchant armour {unknown}
 l - a scroll of immolation {unknown}


   Skills:
 + Level 0.1 Fighting
 + Level 2.2 Dodging
 + Level 3.3 Stealth
 + Level 3.0 Spellcasting
 + Level 1.5 Conjurations
 + Level 0.2 Hexes
 + Level 4.3 Fire Magic


You had 4 spell levels left.
You knew the following spells:

 Your Spells              Type           Power      Damage    Failure   Level
a - Foxfire               Conj/Fire      72%        2x1d7     5%          1
b - Scorch                Fire           34%        2d6       4%          2
c - Inner Flame           Hex/Fire       10%        N/A       21%         3

Your spell library contained the following spells:

 Spells                   Type           Power      Damage    Failure   Level
 Summon Small Mammal      Summ           8%         N/A       17%         1
 Momentum Strike          Conj/Tloc      14%        3d8       19%         2
 Volatile Blastmotes      Fire/Tloc      18%        2d11      22%         3
 Blink                    Tloc           4%         N/A       26%         2
 Lesser Beckoning         Tloc           4%         N/A       26%         2
 Call Canine Familiar     Summ           2%         N/A       45%         3
 Fugue of the Fallen      Necr           2%         N/A       45%         3
 Ozocubu's Armour         Ice            3%         N/A       45%         3
 Flame Wave               Conj/Fire      18%        2d7       45%         4
 Summon Blazeheart Golem  Fire/Summ      9%         N/A       56%         4
 Manifold Assault         Tloc           2%         N/A       86%         4


Dungeon Overview and Level Annotations

Branches:
Dungeon (3/15)

Altars:
Ashenzari


Innate Abilities, Weirdness & Mutations

You cannot wear most types of armour.
You are amphibious.
You can wear up to eight rings at the same time.
Your skin changes colour to match your surroundings (Stealth+).
Your rubbery body absorbs attacks. (AC +1, EV +1)
((You are camouflaged when in or above water. (Stealth+)))
You have tentacles for arms and can constrict up to eight enemies at once.


Message History

The orc wizard barely misses you. The orc barely misses you.
You miss the orc wizard. Your squeeze misses the orc wizard.
The orc wizard is almost dead.
A goblin comes into view. It is wielding a +0 club.
The orc hits you with a +0 morningstar!
The orc wizard points at you and mumbles some strange words.
The puff of flame hits you!
* * * LOW HITPOINT WARNING * * *
It was a potion of haste.
You feel yourself speed up. The orc wizard misses you. The orc misses you.
It was a potion of curing.
You feel better. The orc hits you with a +0 morningstar.
The orc wizard completely misses you.
You barely miss the orc wizard.
The goblin shouts!
Your grab misses the orc wizard.
The orc wizard is almost dead.
The orc wizard barely misses you. The orc barely misses you.
You hit the orc wizard but do no damage.
Your grab misses the orc wizard.
The orc wizard is almost dead.
The orc wizard closely misses you. The orc hits you with a +0 morningstar!
* * * LOW HITPOINT WARNING * * *
Casting: Foxfire (safe; 5% risk of failure)
Confirm with . or Enter, or press ? or * to list all spells.
Flames lash the hobgoblin.
The hobgoblin is moderately wounded.
The hobgoblin's fire resistance burns away.
You hear a shout!
You hit the orc wizard but do no damage.
Your grab misses the orc wizard.
The orc wizard is almost dead.
The orc wizard hits you with a +0 dagger.
* * * LOW HITPOINT WARNING * * *
The orc closely misses you.
Okay, then.
You closely miss the orc wizard. Your grab misses the orc wizard.
The orc wizard is almost dead.
The orc wizard gestures at you while chanting.
The magic dart hits you.
You die... #.# ##.g #.# ...) #.# #..o #.# .og

#.# #####.###
#.# ........#
#.#
#.....######o#
#.....ggggo@.#
#.....########
..>.....#
#########


You could see an orc wizard (invisible, weak-willed), an orc, 2 hobgoblins and 2
goblins.

Vanquished Creatures
  Crazy Yiuf (D:2)
  An orc priest (D:3)
  Jessica (D:2)
  2 dart slugs
  2 orcs (D:3)
  6 ball pythons (D:2)
  3 endoplasms
  A hobgoblin (D:3)
  A quokka (D:2)
  4 bats
  A frilled lizard (D:1)
  3 goblins
  4 kobolds
  6 rats
36 creatures vanquished.

Vanquished Creatures (others)
  79 foxfires
79 creatures vanquished.

Grand Total: 115 creatures vanquished

Notes
Turn   | Place    | Note
-------+----------+-------------------------------------------
     0 | D:1      | PriceMaster the Octopode Fire Elementalist began the quest
                  | for the Orb.
     0 | D:1      | Reached XP level 1. HP: 11/11 MP: 3/3
   297 | D:1      | Reached XP level 2. HP: 17/17 MP: 0/5
   300 | D:1      | Learned a level 2 spell: Scorch
   587 | D:1      | Found a faded altar of an unknown god.
   594 | D:1      | Prayed at the altar of an unknown god.
   594 | D:1      | Became a worshipper of Ashenzari the Shackled
   649 | D:2      | Noticed Jessica
   652 | D:2      | Killed Jessica
   653 | D:2      | Reached XP level 3. HP: 21/21 MP: 0/6
   961 | D:2      | Learned a level 3 spell: Inner Flame
  1330 | D:2      | Reached XP level 4. HP: 27/27 MP: 4/7
  1442 | D:2      | Found a runed translucent door.
  1443 | D:2      | Noticed Crazy Yiuf
  1699 | D:2      | Killed Crazy Yiuf
  1700 | D:2      | Reached skill level 4 in Fire Magic
  1827 | D:3      | Identified a scroll of acquirement
  1827 | D:3      | Acquired the ring of Axompach {Fly rPois rF+ SInv}
  1833 | D:3      | Reached XP level 5. HP: 13/31 MP: 1/9
  1850 | D:3      | HP: 1/31 [orc/+0 morningstar (10)]
  1853 | D:3      | Killed from afar by an orc wizard

Illustrated notes

Levels and vault maps discovered:
D:1:      matt_arrival_refuge, layout_rooms,
          shapermc_ecumenical_altar_acropolis, minmay_pentomino_v4
D:2:      layout_basic, minmay_vboxes, uniq_jessica, uniq_crazy_yiuf_cottage
D:3:      layout_loops_ring, led_sif_pool, st_stairs_10, uniq_terence,
          uniq_robin

Skill      XL: |  1  2  3  4 |
---------------+-------------+-----
Stealth        | 3 |  3.3
Fire Magic     | 4 |  4.3
Spellcasting   | 3 |  3.0
Fighting       | |  0.1
Dodging        | |  2.2
Conjurations   | |  1.5
Hexes          | |  0.2

Action                     |  1- 3 |  4- 6 || total
---------------------------+-------+-------++-------
  Melee: Unarmed           |     3 |       ||     3
         Hand axe          |     6 |       ||     6
         Tentacles         |     2 |     4 ||     6
         Punch             |     1 |       ||     1
         Constrict         |     3 |     2 ||     5
         Staff             |     1 |    17 ||    18
   Cast: Foxfire           |    42 |     7 ||    49
         Scorch            |     5 |     4 ||     9
         Inner Flame       |     3 |     1 ||     4
 Invoke: Curse Item        |     1 |       ||     1
    Use: Scroll            |     5 |     2 ||     7
         Potion            |     2 |     4 ||     6
 Armour: Skin              |    12 |    15 ||    27
  Dodge: Dodged            |    18 |    18 ||    36

Table legend: (Time is in decaauts)
 A = Elapsed time spent in this place.
 B = Non-inter-level travel time spent in this place.
 C = Inter-level travel time spent in this place.
 D = Time resting spent in this place.
 E = Time spent auto-exploring this place.
 F = Levels seen in this place.
 G = Mean time per level.
                   A        B        C        D        E       F      G
               +--------+--------+--------+--------+--------+-----+--------+
         Total |   1852 |   1760 |     92 |     20 |   1475 |   3 |  617.3 |
       Dungeon |   1852 |   1760 |     92 |     20 |   1475 |   3 |  617.3 |
               +--------+--------+--------+--------+--------+-----+--------+

Top non-repeatable levels by time:
     D:2: 1160 daAuts
     D:1: 648 daAuts
     D:3: 43 daAuts
